 Dungeon Crawl Stone Soup version 0.32-a0-921-g04a7ad8e02 (webtiles) character file.

Game seed: 12203168441016130245

76 PaleRider the Ruffian (level 4, -2/38 HPs)
             Began as a Ghoul Monk on Apr 11, 2024.
             Slain by a cerulean imp
             ... wielding a +1 spear
             ... summoned by Natasha
              (4 damage)
             ... on level 2 of the Dungeon.
             The game lasted 00:01:14 (775 turns).

PaleRider the Ruffian (Ghoul Monk)                   Turns: 775, Time: 00:01:14

Health: -2/38      AC:  4    Str: 16    XL:     4   Next: 32%
Magic:  4/4        EV: 11    Int:  9    God:
Gold:   57         SH:  0    Dex: 11    Spells: 3/3 levels left

rFire   . .          .
                       - Unarmed
rCold   + . .        c - orb {light}
rNeg    + + +        a - +0 robe
rPois   ∞            (no helmet)
rElec   .            f - +0 cloak
rCorr   .            (no gloves)
SInv    .            k - +0 pair of boots
Will    .....        (no amulet)
Stlth   +            (no ring)
HPRegen 0.00/turn    (no ring)
MPRegen 0.09/turn

%: no passive effects
@: inhibited regen, slowed, glowing, very slow
A: claws 1, cold resistance 1, negative energy resistance 3, inhibited
regeneration, torment resistance 2, devour on kill
a: no special abilities


You were on level 2 of the Dungeon.
You visited 1 branch of the dungeon, and saw 2 of its levels.

You collected 57 gold pieces.

Inventory:

Missiles
 g - 9 stones (quivered)
 o - 4 javelins
 p - 4 curare-tipped darts
Armour
 a - a +0 robe (worn)
 c - an orb of light (worn)
 f - a +0 cloak (worn)
 k - a +0 pair of boots (worn)
Jewellery
 l - a ring of ice
Scrolls
 e - a scroll of identify {unknown}
 h - a scroll of enchant weapon {unknown}
 m - 2 scrolls of amnesia {unknown}
 n - 2 scrolls of teleportation {unknown}
Potions
 b - a potion of ambrosia
 d - 3 potions of curing {unknown}
 i - a potion of might {unknown}
 j - 2 potions of invisibility {unknown}
 q - a potion of attraction {unknown}


   Skills:
 - Level 3.3 Fighting
 - Level 2.7 Dodging
 + Level 5.4 Unarmed Combat


You had 3 spell levels left.
You didn't know any spells.
Your spell library was empty.

Dungeon Overview and Level Annotations

Branches:
Dungeon (2/15)

Altars:

Annotations:
D:2 Natasha


Innate Abilities, Weirdness & Mutations

You are immune to poison.
You have sharp fingernails.
Your flesh is cold resistant. (rC+)
You are immune to negative energy. (rN+++)
You do not regenerate when monsters are visible.
You are immune to unholy pain and torment.
You thrive by killing the living.


Message History

The cerulean imp barely misses you. Natasha barely misses you.
You scratch Natasha.
Natasha is heavily wounded.
The cerulean imp barely misses you. Natasha claws you.
* * * LOW HITPOINT WARNING * * *
You take 3 damage, and have 18/38 hp.
You barely miss Natasha.
Natasha is heavily wounded.
The cerulean imp misses you. Natasha claws you.
* * * LOW HITPOINT WARNING * * *
You take 6 damage, and have 12/38 hp.
You scratch Natasha but do no damage.
Natasha is heavily wounded.
The cerulean imp hits you from afar with a +1 spear.
* * * LOW HITPOINT WARNING * * *
Natasha wildly gestures.
You feel troubled. Natasha barely misses you.
You take 2 damage, and have 10/38 hp.
Okay, then.
Okay, then.
Okay, then.
You aren't carrying any items that you can evoke.
Unknown command.
You scratch Natasha.
Natasha is heavily wounded.
The cerulean imp closely misses you.
You scratch Natasha.
Natasha is almost dead.
Natasha casts a spell at you.
You feel yourself slow down.
The cerulean imp hits you from afar with a +1 spear.
* * * LOW HITPOINT WARNING * * *
You take 5 damage, and have 5/38 hp.
You scratch Natasha but do no damage.
Natasha is almost dead.
Natasha claws you.
* * * LOW HITPOINT WARNING * * *
The cerulean imp hits you from afar with a +1 spear.
You die...

## #.. #.. # ..#####.#
#..... #...# #@.##
#..h#..# #.5.#..#
#.).##.##############
#.###..#...)).........
........##.############
###.###.. #.# #...
.##...# ... .. ..###


You could see Natasha and a cerulean imp (summoned).

Vanquished Creatures
  An orc wizard (D:2)
  Natasha (D:2)
  2 orcs (D:2)
  4 bats
  3 endoplasms
  A giant cockroach (D:2)
  3 goblins (D:1)
  4 hobgoblins
  3 frilled lizards
22 creatures vanquished.

Notes
Turn   | Place    | Note
-------+----------+-------------------------------------------
     0 | D:1      | PaleRider the Ghoul Monk began the quest for the Orb.
     0 | D:1      | Reached XP level 1. HP: 19/19 MP: 1/1
    68 | D:1      | Reached XP level 2. HP: 26/26 MP: 2/2
   265 | D:1      | Reached skill level 4 in Unarmed Combat
   544 | D:2      | Noticed Natasha
   550 | D:2      | Killed Natasha
   551 | D:2      | Reached XP level 3. HP: 21/31 MP: 3/3
   701 | D:2      | Reached skill level 5 in Unarmed Combat
   751 | D:2      | Reached XP level 4. HP: 38/38 MP: 4/4
   762 | D:2      | Noticed Natasha
   775 | D:2      | Slain by a cerulean imp

Illustrated notes

Levels and vault maps discovered:
D:1:      giann_bridges, layout_rooms
D:2:      layout_loops_ring, nicolae_titane, uniq_natasha, uniq_terence

Skill      XL: |  1  2  3 |
---------------+----------+-----
Unarmed Combat | 4 5 |  5.4
Fighting       | |  3.3
Dodging        | |  2.7

Action                     |  1- 3 |  4- 6 || total
---------------------------+-------+-------++-------
  Melee: Unarmed           |    45 |    14 ||    59
 Armour: Robe              |    18 |    13 ||    31
  Dodge: Dodged            |    24 |     7 ||    31

Table legend: (Time is in decaauts)
 A = Elapsed time spent in this place.
 B = Non-inter-level travel time spent in this place.
 C = Inter-level travel time spent in this place.
 D = Time resting spent in this place.
 E = Time spent auto-exploring this place.
 F = Levels seen in this place.
 G = Mean time per level.
                   A        B        C        D        E       F      G
               +--------+--------+--------+--------+--------+-----+--------+
         Total |    772 |    737 |     35 |      0 |    580 |   2 |  386.0 |
       Dungeon |    772 |    737 |     35 |      0 |    580 |   2 |  386.0 |
               +--------+--------+--------+--------+--------+-----+--------+

Top non-repeatable levels by time:
     D:1: 482 daAuts
     D:2: 289 daAuts
